[ AOE2 MATCH · #477530086 ]
UnrankedPersians vs Hindustanis
[ REPLAY ANALYSIS · EXTRACTED FROM THE RECORDED GAME ]
Feudal
13:47
Castle
18:05
Imperial
40:45
| APM avg | 67.7 |
| APM peak | 124 |
| eAPM avg | 21.9 |
| Villagers / military | 162 / 64 |
Focus
⚔️ 30.7% · 🌾 69.3%
Cavalry Archer ×48 · War Elephant ×11 · Scout Cavalry ×5
Feudal
10:55
Castle
21:27
Imperial
—
| APM avg | 54.9 |
| APM peak | 88 |
| eAPM avg | 25.4 |
| Villagers / military | 146 / 63 |
Focus
⚔️ 24.7% · 🌾 75.3%
Magyar Huszar ×37 · Knight ×11 · Scout Cavalry ×8 · Spearman ×5 · Monk ×2
Feudal
11:37
Castle
16:59
Imperial
—
| APM avg | 34.9 |
| APM peak | 82 |
| eAPM avg | 18.4 |
| Villagers / military | 122 / 21 |
Focus
⚔️ 25.1% · 🌾 74.9%
Camel Scout ×8 · Scorpion ×7 · Mangonel ×3 · Monk ×2 · Armored Elephant ×1
Feudal
13:04
Castle
16:52
Imperial
32:37
| APM avg | 41.8 |
| APM peak | 76 |
| eAPM avg | 21.1 |
| Villagers / military | 126 / 146 |
Focus
⚔️ 31.5% · 🌾 68.5%
Archer ×146 · Unknown (1942) ×12 · Unknown (1959) ×3
Feudal
13:42
Castle
20:34
Imperial
37:10
| APM avg | 42.5 |
| APM peak | 66 |
| eAPM avg | 22.9 |
| Villagers / military | 116 / 28 |
Focus
⚔️ 22.7% · 🌾 77.3%
Janissary ×11 · Scout Cavalry ×9 · Bombard Cannon ×4 · Spearman ×3 · Mangonel ×1
Feudal
12:52
Castle
16:42
Imperial
37:04
| APM avg | 30.3 |
| APM peak | 64 |
| eAPM avg | 18.8 |
| Villagers / military | 147 / 131 |
Focus
⚔️ 22.9% · 🌾 77.1%
Eagle Scout ×125 · Spearman ×6
Match map
Initial resources + every placement click. Lines = walls · curves = elevation contours. ◆ gold · ⬟ stone · ● berries · ✦ relic · ◌ wall gap
Your base· Open — unwalled flank
ELEOS | wosm's base· Open — 8t gap
Nivek's base· Open — unwalled flank
Bycol Wannabe's base· Open — unwalled flank
Simp Bizkit's base· Open — unwalled flank
friendly Alpaca's base· Open — unwalled flank
Smoothed initial terrain · ◌ = detected wall gap · hover for details
Inputs per minute
— ELEOS | Hitorek - - ELEOS | wosm
Build order — ELEOS | Hitorek
First 150 of 414 actions detected
| 1:00 | Build | Town Center |
| 1:11 | Build | House |
| 2:59 | Queue | Villager (Male) |
| 2:59 | Queue | Villager (Male) |
| 2:59 | Queue | Villager (Male) |
| 3:00 | Queue | Villager (Male) |
| 3:00 | Queue | Villager (Male) |
| 3:50 | Queue | Villager (Male) |
| 3:51 | Queue | Villager (Male) |
| 4:13 | Queue | Villager (Male) |
| 4:13 | Queue | Villager (Male) |
| 4:22 | Build | House |
| 4:42 | Build | Lumber Camp |
| 4:50 | Queue | Villager (Male) |
| 5:06 | Queue | Villager (Male) |
| 5:47 | Queue | Villager (Male) |
| 6:02 | Build | House |
| 6:34 | Queue | Villager (Male) |
| 6:49 | Build | House |
| 6:56 | Build | House |
| 7:04 | Queue | Villager (Male) |
| 7:05 | Research | Loom |
| 7:19 | Queue | Villager (Male) |
| 7:22 | Queue | Villager (Male) |
| 7:35 | Build | Mill |
| 7:49 | Queue | Villager (Male) |
| 8:12 | Queue | Villager (Male) |
| 8:49 | Queue | Villager (Male) |
| 8:55 | Build | House |
| 9:17 | Queue | Villager (Male) |
| 9:39 | Queue | Villager (Male) |
| 9:44 | Build | Palisade Wall |
| 10:02 | Queue | Villager (Male) |
| 10:16 | Build | Palisade Wall |
| 10:18 | Build | Palisade Wall |
| 10:28 | Queue | Villager (Male) |
| 10:48 | Queue | Villager (Male) |
| 10:54 | Build | Palisade Wall |
| 10:55 | Build | Palisade Wall |
| 10:59 | Build | Palisade Wall |
| 11:01 | Build | Palisade Wall |
| 11:01 | Build | Palisade Wall |
| 11:09 | Research | Feudal Age |
| 11:12 | Build | Mining Camp |
| 12:10 | Build | House |
| 13:02 | Build | Barracks |
| 13:42 | Queue | Villager (Male) |
| 13:47 | Age | Feudal Age |
| 14:02 | Build | Archery Range |
| 14:10 | Build | Palisade Wall |
| 14:14 | Queue | Villager (Male) |
| 14:45 | Queue | Villager (Male) |
| 14:59 | Build | Blacksmith |
| 15:10 | Queue | Villager (Male) |
| 15:35 | Build | House |
| 15:40 | Research | Castle Age |
| 15:53 | Research | Double-Bit Axe |
| 16:40 | Build | Archery Range |
| 16:41 | Research | Fletching |
| 17:32 | Queue | Villager (Male) |
| 18:02 | Queue | Villager (Male) |
| 18:05 | Age | Castle Age |
| 18:06 | Queue | Cavalry Archer |
| 18:06 | Queue | Cavalry Archer |
| 18:11 | Queue | Villager (Male) |
| 18:12 | Queue | Villager (Male) |
| 18:18 | Build | Town Center |
| 18:26 | Research | Bodkin Arrow |
| 18:34 | Queue | Cavalry Archer |
| 18:34 | Queue | Cavalry Archer |
| 18:47 | Queue | Cavalry Archer |
| 18:52 | Build | House |
| 18:53 | Build | House |
| 19:00 | Queue | Villager (Male) |
| 19:36 | Queue | Cavalry Archer |
| 19:36 | Queue | Cavalry Archer |
| 19:41 | Queue | Villager (Male) |
| 19:53 | Queue | Cavalry Archer |
| 20:01 | Queue | Cavalry Archer |
| 20:08 | Queue | Villager (Male) |
| 20:09 | Queue | Cavalry Archer |
| 20:12 | Build | Farm |
| 20:13 | Build | Farm |
| 20:14 | Build | Farm |
| 20:14 | Build | Farm |
| 20:15 | Build | Farm |
| 20:21 | Queue | Cavalry Archer |
| 20:25 | Queue | Villager (Male) |
| 20:39 | Queue | Cavalry Archer |
| 20:48 | Queue | Villager (Male) |
| 20:49 | Build | Farm |
| 20:51 | Queue | Villager (Male) |
| 21:05 | Build | Farm |
| 21:05 | Queue | Villager (Male) |
| 21:27 | Queue | Cavalry Archer |
| 21:27 | Queue | Cavalry Archer |
| 21:34 | Queue | Villager (Male) |
| 21:45 | Research | Gold Mining |
| 21:53 | Queue | Villager (Male) |
| 21:55 | Build | House |
| 21:55 | Build | House |
| 21:56 | Build | House |
| 22:00 | Queue | Cavalry Archer |
| 22:02 | Queue | Villager (Male) |
| 22:04 | Build | Farm |
| 22:04 | Build | Farm |
| 22:20 | Queue | Villager (Male) |
| 22:29 | Build | House |
| 22:37 | Queue | Cavalry Archer |
| 22:37 | Queue | Cavalry Archer |
| 22:38 | Queue | Villager (Male) |
| 22:40 | Build | Farm |
| 22:55 | Queue | Villager (Male) |
| 23:08 | Queue | Villager (Male) |
| 23:09 | Build | Farm |
| 23:23 | Queue | Villager (Male) |
| 23:25 | Build | Stable |
| 23:29 | Build | House |
| 23:37 | Queue | Cavalry Archer |
| 23:38 | Queue | Villager (Male) |
| 23:49 | Queue | Cavalry Archer |
| 23:49 | Queue | Cavalry Archer |
| 24:01 | Queue | Villager (Male) |
| 24:03 | Queue | Villager (Male) |
| 24:03 | Queue | Cavalry Archer |
| 24:04 | Queue | Cavalry Archer |
| 24:14 | Queue | Villager (Male) |
| 24:16 | Build | Farm |
| 24:32 | Queue | Cavalry Archer |
| 24:37 | Queue | Villager (Male) |
| 24:40 | Build | House |
| 24:46 | Queue | Cavalry Archer |
| 25:01 | Queue | Villager (Male) |
| 25:01 | Queue | Villager (Male) |
| 25:04 | Queue | Cavalry Archer |
| 25:04 | Queue | Cavalry Archer |
| 25:20 | Queue | Villager (Male) |
| 25:25 | Build | Town Center |
| 25:36 | Queue | Cavalry Archer |
| 25:37 | Queue | Villager (Male) |
| 25:37 | Queue | Villager (Male) |
| 25:39 | Build | Farm |
| 25:41 | Build | Farm |
| 25:52 | Queue | Cavalry Archer |
| 25:53 | Queue | Cavalry Archer |
| 26:16 | Queue | Villager (Male) |
| 26:17 | Queue | Villager (Male) |
| 26:18 | Build | Farm |
| 26:20 | Build | House |
| 26:29 | Queue | Cavalry Archer |
Build order — ELEOS | wosm
First 150 of 335 actions detected
| 0:06 | Build | Town Center |
| 2:16 | Queue | Villager (Male) |
| 2:16 | Queue | Villager (Male) |
| 2:16 | Queue | Villager (Male) |
| 2:27 | Queue | Villager (Male) |
| 2:47 | Build | Lumber Camp |
| 3:14 | Build | House |
| 3:16 | Research | Loom |
| 3:34 | Queue | Villager (Male) |
| 3:34 | Queue | Villager (Male) |
| 3:52 | Queue | Villager (Male) |
| 4:10 | Build | House |
| 4:15 | Queue | Villager (Male) |
| 5:05 | Queue | Villager (Male) |
| 5:27 | Build | Mill |
| 5:30 | Queue | Villager (Male) |
| 6:00 | Queue | Villager (Male) |
| 6:19 | Queue | Villager (Male) |
| 6:29 | Queue | Villager (Male) |
| 6:51 | Build | House |
| 6:53 | Build | Palisade Wall |
| 6:55 | Build | Palisade Wall |
| 6:56 | Build | Palisade Wall |
| 6:56 | Build | Palisade Wall |
| 6:57 | Build | Palisade Wall |
| 6:57 | Build | Palisade Wall |
| 7:09 | Queue | Villager (Male) |
| 7:52 | Queue | Villager (Male) |
| 8:16 | Queue | Villager (Male) |
| 8:45 | Research | Feudal Age |
| 9:59 | Build | Barracks |
| 10:15 | Build | House |
| 10:49 | Queue | Villager (Male) |
| 10:51 | Queue | Villager (Male) |
| 10:55 | Age | Feudal Age |
| 11:07 | Build | Stable |
| 11:29 | Research | Double-Bit Axe |
| 11:30 | Queue | Villager (Male) |
| 11:50 | Build | House |
| 11:52 | Queue | Scout Cavalry |
| 11:52 | Queue | Scout Cavalry |
| 11:53 | Queue | Villager (Male) |
| 11:54 | Queue | Spearman |
| 11:57 | Queue | Villager (Male) |
| 12:10 | Queue | Villager (Male) |
| 12:29 | Queue | Villager (Male) |
| 12:37 | Build | House |
| 12:39 | Build | Palisade Wall |
| 12:40 | Queue | Villager (Male) |
| 12:47 | Queue | Scout Cavalry |
| 12:53 | Build | Farm |
| 13:15 | Queue | Scout Cavalry |
| 13:15 | Queue | Villager (Male) |
| 13:18 | Build | Farm |
| 13:21 | Build | Farm |
| 13:32 | Build | House |
| 13:40 | Queue | Villager (Male) |
| 13:42 | Queue | Scout Cavalry |
| 13:57 | Queue | Scout Cavalry |
| 14:13 | Queue | Villager (Male) |
| 14:15 | Build | Farm |
| 14:18 | Build | Farm |
| 14:27 | Queue | Villager (Male) |
| 14:51 | Queue | Villager (Male) |
| 14:58 | Queue | Scout Cavalry |
| 15:00 | Build | Farm |
| 15:01 | Build | Farm |
| 15:01 | Build | Farm |
| 15:23 | Queue | Villager (Male) |
| 15:24 | Queue | Villager (Male) |
| 15:29 | Build | Mining Camp |
| 15:31 | Queue | Villager (Male) |
| 16:00 | Build | House |
| 16:56 | Queue | Villager (Male) |
| 17:08 | Build | House |
| 17:12 | Build | Palisade Wall |
| 17:56 | Build | Outpost |
| 17:57 | Queue | Villager (Male) |
| 18:00 | Build | Market |
| 18:35 | Queue | Spearman |
| 18:47 | Research | Castle Age |
| 18:53 | Build | Palisade Wall |
| 18:56 | Queue | Spearman |
| 18:57 | Queue | Villager (Male) |
| 18:59 | Build | House |
| 19:00 | Build | House |
| 19:09 | Build | Archery Range |
| 19:22 | Queue | Spearman |
| 19:23 | Queue | Spearman |
| 20:19 | Queue | Villager (Male) |
| 20:19 | Queue | Villager (Male) |
| 20:34 | Build | Stable |
| 21:27 | Age | Castle Age |
| 21:29 | Queue | Knight |
| 21:29 | Queue | Knight |
| 21:38 | Build | Town Center |
| 21:43 | Queue | Villager (Male) |
| 21:53 | Research | Bow Saw |
| 22:01 | Queue | Villager (Male) |
| 22:05 | Queue | Knight |
| 22:05 | Queue | Knight |
| 22:18 | Queue | Villager (Male) |
| 22:42 | Queue | Villager (Male) |
| 23:18 | Queue | Villager (Male) |
| 23:25 | Build | House |
| 23:27 | Build | Palisade Wall |
| 23:34 | Queue | Knight |
| 23:35 | Queue | Villager (Male) |
| 23:43 | Build | Monastery |
| 23:48 | Queue | Villager (Male) |
| 24:08 | Queue | Villager (Male) |
| 24:27 | Queue | Monk |
| 24:27 | Queue | Monk |
| 24:28 | Queue | Villager (Male) |
| 24:35 | Build | Town Center |
| 24:41 | Queue | Villager (Male) |
| 25:28 | Queue | Villager (Male) |
| 25:33 | Queue | Villager (Male) |
| 25:38 | Build | Farm |
| 25:38 | Build | Farm |
| 25:38 | Build | Farm |
| 25:54 | Build | Outpost |
| 25:56 | Build | Outpost |
| 26:04 | Build | Farm |
| 26:04 | Build | Farm |
| 26:04 | Build | Farm |
| 26:05 | Build | Farm |
| 26:06 | Queue | Villager (Male) |
| 26:07 | Build | Farm |
| 26:10 | Queue | Villager (Male) |
| 26:17 | Queue | Villager (Male) |
| 26:34 | Research | Town Watch |
| 26:44 | Build | Farm |
| 26:44 | Build | Farm |
| 26:58 | Queue | Villager (Male) |
| 26:59 | Queue | Villager (Male) |
| 27:03 | Queue | Villager (Male) |
| 27:03 | Queue | Villager (Male) |
| 27:06 | Build | Outpost |
| 27:07 | Queue | Villager (Male) |
| 27:07 | Queue | Villager (Male) |
| 27:13 | Queue | Knight |
| 27:21 | Queue | Villager (Male) |
| 27:36 | Queue | Villager (Male) |
| 27:38 | Queue | Knight |
| 28:05 | Queue | Villager (Male) |
| 28:20 | Queue | Villager (Male) |
| 28:32 | Queue | Villager (Male) |
| 28:33 | Queue | Villager (Male) |
| 28:40 | Queue | Villager (Male) |
Build order — Nivek
First 150 of 244 actions detected
| 0:14 | Build | Town Center |
| 0:53 | Build | House |
| 2:21 | Queue | Villager (Male) |
| 2:21 | Queue | Villager (Male) |
| 2:22 | Queue | Villager (Male) |
| 2:22 | Queue | Villager (Male) |
| 3:13 | Queue | Villager (Male) |
| 3:53 | Build | House |
| 4:09 | Queue | Villager (Male) |
| 4:13 | Build | House |
| 4:31 | Build | Lumber Camp |
| 4:46 | Research | Loom |
| 4:49 | Queue | Villager (Male) |
| 4:51 | Queue | Villager (Male) |
| 5:16 | Queue | Villager (Male) |
| 5:25 | Queue | Villager (Male) |
| 5:26 | Queue | Villager (Male) |
| 6:16 | Queue | Villager (Male) |
| 6:17 | Queue | Villager (Male) |
| 6:50 | Queue | Villager (Male) |
| 7:30 | Queue | Villager (Male) |
| 8:01 | Queue | Villager (Male) |
| 8:01 | Queue | Villager (Male) |
| 8:22 | Build | Mill |
| 8:25 | Queue | Villager (Male) |
| 8:59 | Build | House |
| 9:20 | Research | Feudal Age |
| 9:26 | Queue | Villager (Male) |
| 10:57 | Build | Mining Camp |
| 11:37 | Age | Feudal Age |
| 11:37 | Research | Loom |
| 11:38 | Queue | Villager (Male) |
| 11:38 | Queue | Villager (Male) |
| 12:02 | Build | Blacksmith |
| 12:09 | Research | Double-Bit Axe |
| 12:40 | Queue | Villager (Male) |
| 13:01 | Build | House |
| 13:11 | Queue | Villager (Male) |
| 13:30 | Build | Market |
| 13:35 | Queue | Villager (Male) |
| 13:59 | Build | Palisade Wall |
| 14:01 | Build | Palisade Wall |
| 14:02 | Build | Palisade Wall |
| 14:02 | Build | Palisade Wall |
| 14:03 | Build | Palisade Wall |
| 14:03 | Build | Palisade Wall |
| 14:04 | Build | Palisade Wall |
| 14:05 | Build | Palisade Wall |
| 14:19 | Research | Castle Age |
| 14:40 | Build | Barracks |
| 15:00 | Build | House |
| 15:34 | Build | Stable |
| 15:50 | Research | Scale Barding Armor |
| 15:52 | Research | Forging |
| 16:16 | Queue | Villager (Male) |
| 16:33 | Build | Palisade Wall |
| 16:35 | Build | Palisade Wall |
| 16:44 | Build | Stable |
| 16:58 | Research | Bloodlines |
| 16:59 | Age | Castle Age |
| 17:01 | Queue | Camel Scout |
| 17:02 | Queue | Camel Scout |
| 17:09 | Research | Bow Saw |
| 17:36 | Queue | Camel Scout |
| 17:42 | Build | Palisade Wall |
| 17:50 | Queue | Villager (Male) |
| 18:03 | Queue | Villager (Male) |
| 18:14 | Build | Town Center |
| 18:31 | Queue | Villager (Male) |
| 18:51 | Build | Mill |
| 19:00 | Queue | Camel Scout |
| 19:00 | Queue | Camel Scout |
| 19:39 | Build | Farm |
| 19:40 | Build | Farm |
| 19:40 | Build | Farm |
| 19:40 | Build | Farm |
| 20:03 | Queue | Villager (Male) |
| 20:26 | Queue | Villager (Male) |
| 20:26 | Queue | Villager (Male) |
| 20:49 | Queue | Villager (Male) |
| 20:58 | Queue | Villager (Male) |
| 21:08 | Queue | Villager (Male) |
| 21:20 | Build | Farm |
| 21:21 | Build | Farm |
| 21:24 | Build | Farm |
| 21:28 | Queue | Villager (Male) |
| 21:45 | Build | Farm |
| 21:45 | Build | Farm |
| 21:45 | Build | Farm |
| 21:46 | Build | Farm |
| 21:48 | Queue | Villager (Male) |
| 22:01 | Queue | Villager (Male) |
| 22:17 | Queue | Villager (Male) |
| 22:18 | Queue | Villager (Male) |
| 22:29 | Queue | Villager (Male) |
| 22:35 | Queue | Villager (Male) |
| 22:35 | Queue | Villager (Male) |
| 22:38 | Build | Farm |
| 22:38 | Build | Farm |
| 22:42 | Build | Farm |
| 22:47 | Queue | Villager (Male) |
| 22:52 | Build | House |
| 22:58 | Build | House |
| 23:08 | Queue | Camel Scout |
| 23:08 | Queue | Camel Scout |
| 23:20 | Queue | Villager (Male) |
| 23:23 | Build | House |
| 23:33 | Queue | Villager (Male) |
| 23:33 | Queue | Villager (Male) |
| 23:53 | Queue | Villager (Male) |
| 23:57 | Build | House |
| 24:01 | Build | House |
| 24:05 | Queue | Villager (Male) |
| 24:13 | Build | Town Center |
| 24:42 | Queue | Villager (Male) |
| 24:43 | Queue | Villager (Male) |
| 24:49 | Queue | Villager (Male) |
| 24:53 | Queue | Villager (Male) |
| 24:53 | Queue | Villager (Male) |
| 24:56 | Build | Farm |
| 24:56 | Build | Farm |
| 24:56 | Build | Farm |
| 24:56 | Build | Farm |
| 24:57 | Build | Farm |
| 24:57 | Build | Farm |
| 25:14 | Queue | Villager (Male) |
| 25:22 | Queue | Villager (Male) |
| 25:22 | Queue | Villager (Male) |
| 25:29 | Queue | Villager (Male) |
| 25:34 | Research | Fletching |
| 25:46 | Queue | Villager (Male) |
| 25:54 | Queue | Villager (Male) |
| 26:06 | Queue | Villager (Male) |
| 26:07 | Queue | Villager (Male) |
| 26:07 | Queue | Villager (Male) |
| 26:24 | Build | Town Center |
| 26:25 | Queue | Villager (Male) |
| 26:25 | Queue | Villager (Male) |
| 26:30 | Queue | Villager (Male) |
| 26:44 | Queue | Villager (Male) |
| 26:52 | Build | Monastery |
| 27:27 | Queue | Villager (Male) |
| 27:35 | Queue | Camel Scout |
| 27:48 | Queue | Villager (Male) |
| 27:48 | Queue | Villager (Male) |
| 28:08 | Build | Town Center |
| 28:09 | Queue | Villager (Male) |
| 28:16 | Queue | Villager (Male) |
| 28:18 | Queue | Monk |
| 28:27 | Queue | Villager (Male) |
Build order — Bycol Wannabe
First 150 of 386 actions detected
| 0:26 | Build | Town Center |
| 1:59 | Build | House |
| 2:29 | Queue | Villager (Male) |
| 2:29 | Queue | Villager (Male) |
| 2:29 | Queue | Villager (Male) |
| 2:47 | Queue | Villager (Male) |
| 3:37 | Queue | Villager (Male) |
| 4:16 | Queue | Villager (Male) |
| 4:21 | Build | House |
| 4:32 | Build | Lumber Camp |
| 4:54 | Queue | Villager (Male) |
| 5:14 | Queue | Villager (Male) |
| 5:14 | Queue | Villager (Male) |
| 5:38 | Queue | Villager (Male) |
| 6:13 | Build | House |
| 6:18 | Queue | Villager (Male) |
| 6:18 | Queue | Villager (Male) |
| 6:23 | Build | House |
| 6:40 | Build | House |
| 6:50 | Queue | Villager (Male) |
| 6:55 | Build | House |
| 7:07 | Build | House |
| 7:16 | Build | Mill |
| 7:20 | Queue | Villager (Male) |
| 7:42 | Queue | Villager (Male) |
| 8:04 | Queue | Villager (Male) |
| 8:27 | Queue | Villager (Male) |
| 8:32 | Build | House |
| 8:39 | Queue | Villager (Male) |
| 8:48 | Build | House |
| 9:27 | Queue | Villager (Male) |
| 9:47 | Queue | Villager (Male) |
| 9:50 | Build | Mining Camp |
| 10:24 | Queue | Villager (Male) |
| 10:24 | Research | Loom |
| 10:43 | Research | Feudal Age |
| 11:29 | Build | House |
| 11:56 | Build | House |
| 12:15 | Queue | Villager (Male) |
| 12:15 | Queue | Villager (Male) |
| 12:29 | Build | Palisade Wall |
| 12:35 | Build | Palisade Wall |
| 13:04 | Age | Feudal Age |
| 13:06 | Build | Blacksmith |
| 13:23 | Build | Market |
| 14:12 | Research | Castle Age |
| 14:12 | Research | Castle Age |
| 14:17 | Build | House |
| 14:29 | Research | Double-Bit Axe |
| 14:57 | Build | House |
| 14:59 | Build | Palisade Wall |
| 15:04 | Build | Palisade Gate |
| 15:12 | Queue | Villager (Male) |
| 15:12 | Queue | Villager (Male) |
| 16:52 | Age | Castle Age |
| 16:54 | Build | Town Center |
| 17:07 | Research | Bow Saw |
| 17:08 | Queue | Villager (Male) |
| 17:12 | Research | Wheelbarrow |
| 17:17 | Queue | Villager (Male) |
| 17:18 | Queue | Villager (Male) |
| 17:52 | Build | Barracks |
| 17:58 | Queue | Villager (Male) |
| 18:12 | Queue | Villager (Male) |
| 18:19 | Queue | Villager (Male) |
| 18:19 | Queue | Villager (Male) |
| 18:35 | Queue | Villager (Male) |
| 18:36 | Queue | Villager (Male) |
| 18:47 | Build | Town Center |
| 18:57 | Research | Gold Mining |
| 18:59 | Queue | Villager (Male) |
| 19:07 | Queue | Villager (Male) |
| 19:17 | Queue | Villager (Male) |
| 19:26 | Build | House |
| 19:28 | Build | Archery Range |
| 19:31 | Queue | Villager (Male) |
| 19:39 | Research | Fletching |
| 19:56 | Build | Mill |
| 20:05 | Build | Farm |
| 20:07 | Queue | Villager (Male) |
| 20:19 | Build | Farm |
| 20:19 | Build | Farm |
| 20:27 | Queue | Archer |
| 20:27 | Queue | Archer |
| 20:30 | Queue | Villager (Male) |
| 20:35 | Build | Farm |
| 20:44 | Build | Farm |
| 21:00 | Build | Farm |
| 21:01 | Queue | Villager (Male) |
| 21:06 | Build | Farm |
| 21:08 | Queue | Villager (Male) |
| 21:11 | Build | Farm |
| 21:22 | Build | Mill |
| 21:22 | Queue | Villager (Male) |
| 21:32 | Queue | Archer |
| 21:33 | Queue | Archer |
| 21:43 | Queue | Villager (Male) |
| 21:44 | Queue | Villager (Male) |
| 21:48 | Queue | Archer |
| 21:54 | Build | Farm |
| 21:58 | Queue | Villager (Male) |
| 22:10 | Research | Crossbowman (upgrade) |
| 22:13 | Queue | Archer |
| 22:23 | Queue | Villager (Male) |
| 22:25 | Queue | Villager (Male) |
| 22:25 | Queue | Villager (Male) |
| 22:27 | Build | Farm |
| 22:32 | Research | Horse Collar |
| 22:35 | Queue | Archer |
| 22:47 | Build | Mill |
| 22:48 | Queue | Villager (Male) |
| 22:53 | Queue | Villager (Male) |
| 22:59 | Queue | Archer |
| 23:00 | Queue | Villager (Male) |
| 23:08 | Queue | Archer |
| 23:13 | Queue | Villager (Male) |
| 23:13 | Queue | Villager (Male) |
| 23:17 | Queue | Villager (Male) |
| 23:23 | Build | University |
| 23:28 | Queue | Villager (Male) |
| 23:31 | Build | House |
| 23:33 | Build | House |
| 23:33 | Build | House |
| 23:34 | Build | House |
| 23:35 | Queue | Villager (Male) |
| 23:35 | Queue | Villager (Male) |
| 23:39 | Queue | Villager (Male) |
| 23:40 | Queue | Archer |
| 23:44 | Queue | Archer |
| 23:54 | Queue | Villager (Male) |
| 23:54 | Queue | Villager (Male) |
| 23:56 | Build | Farm |
| 24:08 | Queue | Villager (Male) |
| 24:09 | Queue | Villager (Male) |
| 24:21 | Research | Bodkin Arrow |
| 24:21 | Research | Bodkin Arrow |
| 24:27 | Queue | Villager (Male) |
| 24:30 | Build | Farm |
| 24:44 | Queue | Villager (Male) |
| 25:12 | Queue | Archer |
| 25:12 | Queue | Archer |
| 25:14 | Queue | Villager (Male) |
| 25:14 | Queue | Villager (Male) |
| 25:14 | Queue | Villager (Male) |
| 25:15 | Queue | Villager (Male) |
| 25:15 | Queue | Villager (Male) |
| 25:18 | Build | Archery Range |
| 25:20 | Build | Archery Range |
| 25:24 | Queue | Villager (Male) |
| 25:24 | Queue | Villager (Male) |
Build order — Simp Bizkit
First 150 of 261 actions detected
| 0:57 | Build | Town Center |
| 1:08 | Build | Town Center |
| 1:47 | Build | House |
| 2:57 | Queue | Villager (Male) |
| 3:02 | Queue | Villager (Male) |
| 3:06 | Queue | Villager (Male) |
| 3:10 | Queue | Villager (Male) |
| 3:49 | Queue | Villager (Male) |
| 4:43 | Build | House |
| 5:03 | Queue | Villager (Male) |
| 5:15 | Queue | Villager (Male) |
| 5:20 | Queue | Villager (Male) |
| 5:55 | Build | House |
| 6:22 | Build | House |
| 6:32 | Queue | Villager (Male) |
| 6:38 | Queue | Villager (Male) |
| 6:39 | Queue | Villager (Male) |
| 6:43 | Research | Loom |
| 6:46 | Queue | Villager (Male) |
| 6:49 | Queue | Villager (Male) |
| 6:52 | Queue | Villager (Male) |
| 7:09 | Queue | Villager (Male) |
| 7:20 | Queue | Villager (Male) |
| 7:28 | Build | Lumber Camp |
| 7:42 | Queue | Villager (Male) |
| 7:45 | Queue | Villager (Male) |
| 7:49 | Queue | Villager (Male) |
| 7:55 | Build | House |
| 7:57 | Queue | Villager (Male) |
| 8:12 | Build | House |
| 8:16 | Build | House |
| 8:22 | Queue | Villager (Male) |
| 8:30 | Build | House |
| 8:34 | Build | Palisade Wall |
| 8:42 | Queue | Villager (Male) |
| 8:47 | Queue | Villager (Male) |
| 9:03 | Build | Lumber Camp |
| 10:06 | Build | House |
| 10:39 | Queue | Villager (Male) |
| 11:00 | Build | Mill |
| 11:28 | Research | Feudal Age |
| 12:08 | Build | Palisade Wall |
| 12:10 | Build | Palisade Wall |
| 12:11 | Build | Palisade Wall |
| 12:12 | Build | Palisade Wall |
| 12:13 | Build | Palisade Wall |
| 12:14 | Build | Palisade Wall |
| 12:14 | Build | Palisade Wall |
| 12:16 | Build | Palisade Wall |
| 12:16 | Build | Palisade Wall |
| 12:18 | Build | Palisade Wall |
| 13:42 | Age | Feudal Age |
| 13:44 | Queue | Villager (Male) |
| 13:48 | Build | Barracks |
| 13:55 | Build | Palisade Wall |
| 13:56 | Build | Palisade Wall |
| 13:57 | Build | Palisade Wall |
| 14:11 | Build | House |
| 14:13 | Queue | Villager (Male) |
| 14:21 | Queue | Villager (Male) |
| 14:28 | Queue | Villager (Male) |
| 14:34 | Queue | Villager (Male) |
| 14:39 | Queue | Villager (Male) |
| 14:59 | Queue | Spearman |
| 15:09 | Queue | Villager (Male) |
| 15:30 | Build | Stable |
| 15:30 | Queue | Villager (Male) |
| 15:52 | Queue | Villager (Male) |
| 16:06 | Build | House |
| 16:29 | Build | House |
| 16:30 | Queue | Scout Cavalry |
| 16:35 | Queue | Villager (Male) |
| 16:55 | Queue | Scout Cavalry |
| 17:04 | Build | Blacksmith |
| 17:04 | Queue | Villager (Male) |
| 17:28 | Queue | Villager (Male) |
| 17:47 | Research | Castle Age |
| 17:55 | Queue | Scout Cavalry |
| 17:58 | Research | Double-Bit Axe |
| 18:14 | Build | Mining Camp |
| 18:19 | Queue | Villager (Male) |
| 18:27 | Queue | Villager (Male) |
| 18:33 | Queue | Villager (Male) |
| 18:54 | Queue | Villager (Male) |
| 19:03 | Build | House |
| 19:07 | Build | Mill |
| 19:19 | Queue | Spearman |
| 19:33 | Queue | Scout Cavalry |
| 19:45 | Queue | Spearman |
| 19:51 | Queue | Villager (Male) |
| 20:05 | Queue | Villager (Male) |
| 20:11 | Research | Scale Barding Armor |
| 20:13 | Queue | Villager (Male) |
| 20:24 | Queue | Scout Cavalry |
| 20:34 | Age | Castle Age |
| 21:07 | Queue | Villager (Male) |
| 21:14 | Build | Town Center |
| 22:16 | Build | Watch Tower |
| 23:01 | Build | House |
| 23:03 | Build | Palisade Wall |
| 23:05 | Build | House |
| 23:09 | Build | Palisade Wall |
| 23:15 | Queue | Villager (Male) |
| 23:18 | Build | Palisade Wall |
| 23:21 | Queue | Villager (Male) |
| 23:33 | Build | Palisade Wall |
| 23:44 | Queue | Villager (Male) |
| 23:57 | Queue | Villager (Male) |
| 24:11 | Build | Mill |
| 24:12 | Queue | Villager (Male) |
| 24:20 | Build | Market |
| 24:20 | Queue | Villager (Male) |
| 24:43 | Queue | Scout Cavalry |
| 25:02 | Queue | Villager (Male) |
| 25:15 | Queue | Villager (Male) |
| 25:18 | Queue | Villager (Male) |
| 25:30 | Queue | Villager (Male) |
| 25:35 | Queue | Villager (Male) |
| 25:45 | Research | Bow Saw |
| 25:51 | Queue | Villager (Male) |
| 25:55 | Queue | Villager (Male) |
| 26:05 | Build | Town Center |
| 26:18 | Queue | Villager (Male) |
| 26:21 | Queue | Villager (Male) |
| 26:27 | Queue | Villager (Male) |
| 26:29 | Queue | Villager (Male) |
| 26:31 | Queue | Villager (Male) |
| 26:36 | Queue | Villager (Male) |
| 26:43 | Build | House |
| 27:01 | Queue | Villager (Male) |
| 27:09 | Build | Watch Tower |
| 27:10 | Queue | Villager (Male) |
| 27:15 | Queue | Villager (Male) |
| 27:34 | Queue | Villager (Male) |
| 27:42 | Queue | Villager (Male) |
| 27:49 | Queue | Villager (Male) |
| 28:00 | Queue | Villager (Male) |
| 28:11 | Queue | Villager (Male) |
| 28:19 | Queue | Villager (Male) |
| 28:32 | Queue | Villager (Male) |
| 28:36 | Build | House |
| 28:36 | Queue | Villager (Male) |
| 28:47 | Build | Lumber Camp |
| 28:53 | Queue | Villager (Male) |
| 29:00 | Queue | Villager (Male) |
| 29:05 | Queue | Villager (Male) |
| 29:14 | Build | House |
| 29:18 | Queue | Villager (Male) |
| 29:25 | Queue | Villager (Male) |
| 29:34 | Build | House |
Build order — friendly Alpaca
First 150 of 364 actions detected
| 0:04 | Build | Town Center |
| 2:27 | Build | House |
| 2:39 | Queue | Villager (Male) |
| 2:39 | Queue | Villager (Male) |
| 2:39 | Queue | Villager (Male) |
| 3:48 | Queue | Villager (Male) |
| 4:08 | Queue | Villager (Male) |
| 4:25 | Build | House |
| 4:31 | Queue | Villager (Male) |
| 4:42 | Queue | Villager (Male) |
| 4:46 | Build | Lumber Camp |
| 5:05 | Queue | Villager (Male) |
| 5:05 | Queue | Villager (Male) |
| 6:09 | Build | House |
| 6:18 | Queue | Villager (Male) |
| 6:18 | Queue | Villager (Male) |
| 6:46 | Queue | Villager (Male) |
| 6:46 | Queue | Villager (Male) |
| 7:07 | Build | Mill |
| 7:58 | Queue | Villager (Male) |
| 8:02 | Queue | Villager (Male) |
| 8:02 | Queue | Villager (Male) |
| 8:30 | Queue | Villager (Male) |
| 8:44 | Build | House |
| 9:52 | Queue | Villager (Male) |
| 10:09 | Queue | Villager (Male) |
| 10:17 | Build | Mining Camp |
| 10:22 | Queue | Villager (Male) |
| 10:27 | Research | Feudal Age |
| 11:08 | Queue | Villager (Male) |
| 11:09 | Queue | Villager (Male) |
| 12:52 | Age | Feudal Age |
| 12:54 | Build | Market |
| 12:56 | Build | Blacksmith |
| 13:28 | Build | House |
| 13:57 | Build | Barracks |
| 13:59 | Build | Palisade Wall |
| 14:00 | Build | Palisade Wall |
| 14:02 | Research | Castle Age |
| 14:04 | Build | Palisade Wall |
| 14:05 | Build | Palisade Wall |
| 14:16 | Build | House |
| 14:19 | Build | House |
| 14:25 | Research | Double-Bit Axe |
| 15:41 | Research | Loom |
| 16:17 | Queue | Spearman |
| 16:20 | Queue | Spearman |
| 16:32 | Queue | Spearman |
| 16:39 | Build | Palisade Wall |
| 16:42 | Age | Castle Age |
| 16:44 | Queue | Villager (Male) |
| 16:57 | Queue | Villager (Male) |
| 17:09 | Build | Town Center |
| 17:34 | Queue | Villager (Male) |
| 17:41 | Build | Town Center |
| 17:55 | Queue | Villager (Male) |
| 18:06 | Build | Town Center |
| 18:39 | Queue | Villager (Male) |
| 18:47 | Queue | Villager (Male) |
| 18:48 | Queue | Villager (Male) |
| 19:00 | Queue | Villager (Male) |
| 19:13 | Build | Farm |
| 19:13 | Queue | Villager (Male) |
| 19:14 | Queue | Villager (Male) |
| 19:14 | Queue | Villager (Male) |
| 19:14 | Queue | Villager (Male) |
| 19:32 | Queue | Villager (Male) |
| 19:32 | Queue | Villager (Male) |
| 19:32 | Queue | Villager (Male) |
| 19:37 | Build | Farm |
| 19:57 | Queue | Villager (Male) |
| 19:57 | Queue | Villager (Male) |
| 20:02 | Queue | Villager (Male) |
| 20:02 | Queue | Villager (Male) |
| 20:02 | Queue | Villager (Male) |
| 20:05 | Build | Farm |
| 20:16 | Queue | Villager (Male) |
| 20:18 | Queue | Villager (Male) |
| 20:23 | Queue | Villager (Male) |
| 20:27 | Queue | Villager (Male) |
| 20:28 | Queue | Villager (Male) |
| 20:34 | Build | Farm |
| 20:38 | Build | Farm |
| 20:38 | Build | Farm |
| 20:39 | Build | Farm |
| 20:39 | Build | Farm |
| 20:39 | Build | Farm |
| 20:43 | Queue | Villager (Male) |
| 20:44 | Queue | Villager (Male) |
| 20:52 | Queue | Villager (Male) |
| 20:58 | Build | House |
| 21:09 | Queue | Villager (Male) |
| 21:09 | Queue | Villager (Male) |
| 21:09 | Queue | Villager (Male) |
| 21:18 | Research | Wheelbarrow |
| 21:21 | Research | Town Watch |
| 21:29 | Build | Farm |
| 21:30 | Build | Farm |
| 21:32 | Build | Farm |
| 21:33 | Queue | Villager (Male) |
| 21:40 | Build | Farm |
| 21:44 | Build | House |
| 21:49 | Queue | Villager (Male) |
| 21:54 | Build | Farm |
| 22:00 | Queue | Villager (Male) |
| 22:09 | Build | Farm |
| 22:16 | Build | House |
| 22:20 | Queue | Villager (Male) |
| 22:21 | Queue | Villager (Male) |
| 22:30 | Queue | Villager (Male) |
| 22:30 | Queue | Villager (Male) |
| 22:31 | Queue | Villager (Male) |
| 22:31 | Queue | Villager (Male) |
| 22:34 | Build | Farm |
| 22:37 | Build | Farm |
| 22:40 | Build | Farm |
| 22:44 | Build | House |
| 22:46 | Build | House |
| 22:49 | Build | House |
| 22:49 | Build | House |
| 22:52 | Queue | Villager (Male) |
| 22:52 | Queue | Villager (Male) |
| 22:55 | Build | Farm |
| 22:57 | Build | Farm |
| 22:59 | Build | Farm |
| 23:02 | Build | Farm |
| 23:04 | Build | Farm |
| 23:05 | Queue | Villager (Male) |
| 23:05 | Queue | Villager (Male) |
| 23:11 | Build | Farm |
| 23:13 | Build | Farm |
| 23:22 | Build | Farm |
| 23:23 | Queue | Villager (Male) |
| 23:23 | Queue | Villager (Male) |
| 23:35 | Research | Horse Collar |
| 23:39 | Build | Palisade Wall |
| 23:44 | Build | Farm |
| 23:47 | Queue | Villager (Male) |
| 23:49 | Build | Mill |
| 23:50 | Queue | Villager (Male) |
| 23:56 | Queue | Villager (Male) |
| 24:07 | Build | Farm |
| 24:11 | Build | Farm |
| 24:12 | Queue | Villager (Male) |
| 24:13 | Queue | Villager (Male) |
| 24:13 | Queue | Villager (Male) |
| 24:16 | Build | Farm |
| 24:18 | Build | Farm |
| 24:20 | Queue | Villager (Male) |
| 24:24 | Build | Farm |
Match timeline
| 6:53 | ELEOS | wosm · wall_segment Palisade Wall x1 |
| 6:55 | ELEOS | wosm · wall_segment Palisade Wall x1 |
| 6:56 | ELEOS | wosm · wall_segment Palisade Wall x1 |
| 6:56 | ELEOS | wosm · wall_segment Palisade Wall x1 |
| 6:57 | ELEOS | wosm · wall_segment Palisade Wall x1 |
| 6:57 | ELEOS | wosm · wall_segment Palisade Wall x1 |
| 8:34 | Simp Bizkit · wall_segment Palisade Wall x1 |
| 9:44 | ELEOS | Hitorek · wall_segment Palisade Wall x9 |
| 9:59 | ELEOS | wosm · first_building Barracks |
| 10:16 | ELEOS | Hitorek · wall_segment Palisade Wall x6 |
| 10:18 | ELEOS | Hitorek · wall_segment Palisade Wall x4 |
| 10:54 | ELEOS | Hitorek · wall_segment Palisade Wall x1 |
| 10:55 | ELEOS | Hitorek · wall_segment Palisade Wall x1 |
| 10:55 | ELEOS | wosm · age_up feudal |
| 10:59 | ELEOS | Hitorek · wall_segment Palisade Wall x14 |
| 11:01 | ELEOS | Hitorek · wall_segment Palisade Wall x1 |
| 11:01 | ELEOS | Hitorek · wall_segment Palisade Wall x1 |
| 11:07 | ELEOS | wosm · first_building Stable |
| 11:37 | Nivek · age_up feudal |
| 12:08 | Simp Bizkit · wall_segment Palisade Wall x1 |
| 12:10 | Simp Bizkit · wall_segment Palisade Wall x1 |
| 12:11 | Simp Bizkit · wall_segment Palisade Wall x1 |
| 12:12 | Simp Bizkit · wall_segment Palisade Wall x1 |
| 12:13 | Simp Bizkit · wall_segment Palisade Wall x1 |
| 12:14 | Simp Bizkit · wall_segment Palisade Wall x1 |
| 12:14 | Simp Bizkit · wall_segment Palisade Wall x1 |
| 12:16 | Simp Bizkit · wall_segment Palisade Wall x1 |
| 12:16 | Simp Bizkit · wall_segment Palisade Wall x1 |
| 12:18 | Simp Bizkit · wall_segment Palisade Wall x1 |
| 12:29 | Bycol Wannabe · wall_segment Palisade Wall x1 |
| 12:35 | Bycol Wannabe · wall_segment Palisade Wall x1 |
| 12:39 | ELEOS | wosm · wall_segment Palisade Wall x2 |
| 12:52 | friendly Alpaca · age_up feudal |
| 13:02 | ELEOS | Hitorek · first_building Barracks |
| 13:04 | Bycol Wannabe · age_up feudal |
| 13:42 | Simp Bizkit · age_up feudal |
| 13:47 | ELEOS | Hitorek · age_up feudal |
| 13:48 | Simp Bizkit · first_building Barracks |
| 13:55 | Simp Bizkit · wall_segment Palisade Wall x1 |
| 13:56 | Simp Bizkit · wall_segment Palisade Wall x1 |
| 13:57 | friendly Alpaca · first_building Barracks |
| 13:57 | Simp Bizkit · wall_segment Palisade Wall x1 |
| 13:59 | Nivek · wall_segment Palisade Wall x1 |
| 13:59 | friendly Alpaca · wall_segment Palisade Wall x1 |
| 14:00 | friendly Alpaca · wall_segment Palisade Wall x1 |
| 14:01 | Nivek · wall_segment Palisade Wall x1 |
| 14:02 | Nivek · wall_segment Palisade Wall x1 |
| 14:02 | ELEOS | Hitorek · first_building Archery Range |
| 14:02 | Nivek · wall_segment Palisade Wall x1 |
| 14:03 | Nivek · wall_segment Palisade Wall x1 |
| 14:03 | Nivek · wall_segment Palisade Wall x1 |
| 14:04 | Nivek · wall_segment Palisade Wall x1 |
| 14:04 | friendly Alpaca · wall_segment Palisade Wall x1 |
| 14:05 | friendly Alpaca · wall_segment Palisade Wall x1 |
| 14:05 | Nivek · wall_segment Palisade Wall x1 |
| 14:10 | ELEOS | Hitorek · wall_segment Palisade Wall x1 |
| 14:40 | Nivek · first_building Barracks |
| 14:59 | Bycol Wannabe · wall_segment Palisade Wall x1 |
| 15:30 | Simp Bizkit · first_building Stable |
| 15:34 | Nivek · first_building Stable |
| 16:33 | Nivek · wall_segment Palisade Wall x1 |
| 16:35 | Nivek · wall_segment Palisade Wall x1 |
| 16:39 | friendly Alpaca · wall_segment Palisade Wall x1 |
| 16:42 | friendly Alpaca · age_up castle |
| 16:52 | Bycol Wannabe · age_up castle |
| 16:59 | Nivek · age_up castle |
| 17:12 | ELEOS | wosm · wall_segment Palisade Wall x9 |
| 17:42 | Nivek · wall_segment Palisade Wall x1 |
| 17:52 | Bycol Wannabe · first_building Barracks |
| 17:57 | friendly Alpaca · first_market_sell 100 food |
| 17:58 | friendly Alpaca · first_market_buy 100 stone |
| 18:05 | ELEOS | Hitorek · age_up castle |
| 18:53 | ELEOS | wosm · wall_segment Palisade Wall x1 |
| 19:09 | ELEOS | wosm · first_building Archery Range |
| 19:28 | Bycol Wannabe · first_building Archery Range |
| 20:34 | Simp Bizkit · age_up castle |
| 21:27 | ELEOS | wosm · age_up castle |
| 21:48 | ELEOS | wosm · first_market_buy 100 food |
| 23:03 | Simp Bizkit · wall_segment Palisade Wall x1 |
| 23:09 | Simp Bizkit · wall_segment Palisade Wall x1 |
| 23:18 | Simp Bizkit · wall_segment Palisade Wall x1 |
| 23:25 | ELEOS | Hitorek · first_building Stable |
| 23:27 | ELEOS | wosm · wall_segment Palisade Wall x1 |
| 23:33 | Simp Bizkit · wall_segment Palisade Wall x5 |
| 23:39 | friendly Alpaca · wall_segment Palisade Wall x1 |
| 23:43 | ELEOS | wosm · first_building Monastery |
| 24:54 | friendly Alpaca · wall_segment Palisade Wall x11 |
| 24:57 | friendly Alpaca · wall_segment Palisade Wall x17 |
| 25:29 | Simp Bizkit · first_market_buy 100 food |
| 25:44 | friendly Alpaca · wall_segment Palisade Wall x2 |
| 25:49 | Bycol Wannabe · first_building Monastery |
| 26:17 | Nivek · first_market_sell 100 wood |
| 26:18 | Nivek · first_market_buy 100 stone |
| 26:52 | Nivek · first_building Monastery |
| 27:37 | friendly Alpaca · first_building Monastery |
| 28:31 | Nivek · first_building Siege Workshop |
| 29:30 | ELEOS | wosm · first_market_sell 100 food |
| 29:43 | Simp Bizkit · first_market_sell 100 wood |
| 30:28 | Simp Bizkit · first_building Castle |
| 31:32 | ELEOS | wosm · first_building Castle |
| 32:13 | Simp Bizkit · wall_segment Palisade Wall x1 |
| 32:33 | Nivek · first_building Archery Range |
| 32:37 | Bycol Wannabe · age_up imperial |
| 34:36 | Bycol Wannabe · first_market_buy 100 stone |
| 34:38 | Bycol Wannabe · first_market_sell 100 wood |
| 34:52 | Bycol Wannabe · first_building Castle |
| 35:18 | Simp Bizkit · first_building Siege Workshop |
| 35:42 | friendly Alpaca · wall_segment Palisade Wall x1 |
| 35:57 | friendly Alpaca · wall_segment Palisade Wall x1 |
| 37:04 | friendly Alpaca · age_up imperial |
| 37:10 | Simp Bizkit · age_up imperial |
| 37:14 | ELEOS | Hitorek · first_building Monastery |
| 37:51 | Nivek · tribute_sent a jugador 1 |
| 37:51 | Nivek · tribute_sent a jugador 3 |
| 37:51 | Nivek · tribute_sent a jugador 4 |
| 37:51 | Nivek · tribute_sent a jugador 5 |
| 37:51 | Nivek · tribute_sent a jugador 6 |
| 38:17 | ELEOS | Hitorek · first_building Castle |
| 38:39 | Bycol Wannabe · first_building Siege Workshop |
| 39:14 | ELEOS | Hitorek · first_market_sell 100 food |
| 39:15 | ELEOS | Hitorek · first_market_buy 100 stone |
| 39:44 | Nivek · tribute_sent a jugador 1 |
| 39:44 | Nivek · tribute_sent a jugador 3 |
| 39:44 | Nivek · tribute_sent a jugador 4 |
| 39:44 | Nivek · tribute_sent a jugador 5 |
| 39:44 | friendly Alpaca · wall_segment Palisade Wall x1 |
| 39:45 | Nivek · tribute_sent a jugador 6 |
| 39:46 | friendly Alpaca · wall_segment Palisade Wall x1 |
| 39:47 | friendly Alpaca · wall_segment Palisade Wall x1 |
| 40:45 | ELEOS | Hitorek · age_up imperial |
| 41:33 | friendly Alpaca · first_building Castle |
| 42:38 | friendly Alpaca · resign |
[ AI ANALYSIS · 1 CREDIT ]
What really happened in this match?
Wolo.gg analyzes every decision: build order, eco, micro, common mistakes by bracket. Personalized analysis on WhatsApp or Discord in 30 seconds.
Civ guide
Persians
Perfil
Jugador #993449